cohdb
Replays
Latest Replays
All Replays
Popular Replays
Top Player Replays
Match Explorer
How It Works
Community
CoH3 Stats
Reddit
Sign in to upload your games and track your stats! →
Sign in with Steam
Match 44593078
Unlisted
Match 44593078
Overview
Messages
Build Orders
End
Construct Infanterie Kompanie
Kettenkrad Recon Vehicle
Selects Terror Battlegroup
Selects Machine Gun Camouflage
MG 42 Machine Gun Team
MG 42 Machine Gun Team
MG 42 Machine Gun Team
Construct Luftwaffe Kompanie
221 Scout Car
Jäger Squad
Selects Interrogate
Support Elements
Wirbelwind Flakpanzer
Jäger Squad
Side Skirts
Medical Bunker
Marder III M Tank Destroyer
Wirbelwind Flakpanzer
Selects Jericho Trumpet
Marder III M Tank Destroyer
Construct Panzergrenadier Kompanie
Nebelwerfer 42 Rocket Launcher Team
StuG III G Assault Gun
StuG III G Assault Gun
仙台葉月@宮城のけち
8jok
Atrol
KeepMovingShnep
剩者为王
杨司令
JT
陈浩南
0
0
Comments
sign in to comment!
No comments posted yet!